 Dungeon Crawl Stone Soup version 0.30.1-4-g462c640d31 (webtiles) character file.

Game seed: 14932489054051355524

5410 Amplified the Cleaver (level 10, -11/77 HPs)
             Began as a Demonspawn Warper on Aug 27, 2023.
             Killed from afar by a manticore (12 damage)
             ... with a volley of spikes
             ... on level 9 of the Dungeon on Sept 3, 2023.
             The game lasted 00:34:55 (11761 turns).

Amplified the Cleaver (Demonspawn Warper)          Turns: 11761, Time: 00:34:55

Health: -11/77     AC:  7    Str: 20    XL:     10   Next: 40%
Magic:  12/19      EV: 12    Int: 24    God:
Gold:   116        SH:  5    Dex: 11    Spells: 12/21 levels left

rFire   . . .        c - +1 broad axe (elec)
rCold   + + .        (no shield)
rNeg    . . .        k - +1 ring mail {rC+}
rPois   +            (helmet restricted)
rElec   .            (no cloak)
rCorr   +            r - +0 pair of gloves
SInv    .            v - +1 pair of boots
Will    .....        b - amulet of reflection
Stlth   +            m - +6 ring of intelligence
HPRegen 0.32/turn    u - ring of resist corrosion
MPRegen 0.16/turn

%: reflection
@: spiked
A: horns 2, foul stench 1, spiny 1, big brain 2, cold resistance 1, deformed
body, poison resistance, strong 1, MP-powered wands
a: no special abilities


You were on level 9 of the Dungeon.
You visited 2 branches of the dungeon, and saw 11 of its levels.

You collected 441 gold pieces.
You spent 325 gold pieces at shops.

Inventory:

Hand Weapons
 c - a +1 broad axe of electrocution (weapon)
 f - a +3 hand axe of freezing
 l - a +0 war axe of chaos
 o - the +4 flail of Fathaf {speed, Int+2}
   (You bought it in a shop on level 9 of the Dungeon)

   Int:       It affects your intelligence (+2).
Missiles
 p - 14 boomerangs (quivered)
Armour
 k - a +1 ring mail of cold resistance (worn)
 r - a +0 pair of gloves (worn)
 v - a +1 pair of boots (worn)
Jewellery
 b - an amulet of reflection (around neck)
 h - a ring of fire
 m - a +6 ring of intelligence (left hand)
 s - a ring of flight
 u - a ring of resist corrosion (right hand)
Wands
 w - a wand of flame (15)
Scrolls
 a - 3 scrolls of fog
 i - 5 scrolls of immolation
 q - a scroll of identify
Potions
 e - 3 potions of flight
 g - a potion of magic
 j - 4 potions of degeneration
 t - 3 potions of resistance


   Skills:
 + Level 6.4 Fighting
 * Level 8.0(8.1) Axes
 - Level 1.8(5.3) Maces & Flails
 - Level 0.9 Throwing
 - Level 4.4 Armour
 - Level 4.9 Dodging
 + Level 6.0 Spellcasting
 + Level 6.3 Translocations


You had 12 spell levels left.
You knew the following spells:

 Your Spells              Type           Power      Damage    Failure   Level
a - Blink                 Tloc           74%        N/A       1%          2
b - Manifold Assault      Tloc           37%        N/A       10%         4
c - Teleport Other        Tloc           37%        N/A       3%          3

Your spell library contained the following spells:

 Spells                   Type           Power      Damage    Failure   Level
 Lesser Beckoning         Tloc           74%        N/A       1%          2
 Vhi's Electric Charge    Tloc/Air       44%        N/A       11%         3
 Magic Dart               Conj           28%        1d4       13%         1
 Sting                    Tmut/Pois      28%        1d4       13%         1
 Call Imp                 Summ           14%        N/A       19%         2
 Poisonous Vapours        Pois/Air       14%        N/A       19%         2
 Searing Ray              Conj           14%        2d5       19%         2
 Sublimation of Blood     Necr           7%         N/A       19%         2
 Mephitic Cloud           Conj/Pois/Air  7%         N/A       36%         3
 Fulminant Prism          Conj/Hex       3%         3d5       77%         4
 Olgreb's Toxic Radiance  Pois           7%         N/A       77%         4
 Petrify                  Tmut/Erth      7%         N/A       77%         4
 Irradiate                Conj/Tmut      3%         3d12      98%         5
 Iskenderun's Battlesphe  Conj           7%         2d6       98%         5
 Iron Shot                Conj/Erth      3%         9d2       100%        6
 Spellforged Servitor     Conj/Summ      3%         N/A       100%        7


Dungeon Overview and Level Annotations

Branches:
Dungeon (10/15)            Temple (1/1) D:7            Lair (0/5) D:9
    Orc: D:9-12

Altars:
Ashenzari
Cheibriados
Dithmenos
Fedhas
Gozag
Hepliaklqana
Kikubaaqudgha
Makhleb
Nemelex Xobeh
Okawaru
Qazlal
Ru
Sif Muna
Trog
Uskayaw
Vehumet
Wu Jian
Xom
Yredelemnul

Shops:
D:9 (

Annotations:
D:7 Duvessa


Innate Abilities, Weirdness & Mutations

You have a pair of horns on your head.
You may rarely emit foul miasma when damaged in melee.
You are partially covered in sharp spines.
You have an extremely huge brain. (Int +4)
Your flesh is cold resistant. (rC+)
Armour fits poorly on your strangely shaped body.
Your system is resistant to poisons. (rPois)
Your muscles are strong. (Str +4, Int/Dex -1)
You expend magic power (3 MP) to strengthen your wands.


Message History

The barbed spikes dig painfully into your body as you move.
* * * LOW HITPOINT WARNING * * *
Casting: Blink (safe; 1% risk of failure)
Confirm with . or Enter, or press ? or * to list all spells.
Okay, then.
Casting: Blink (safe; 1% risk of failure)
Confirm with . or Enter, or press ? or * to list all spells.
You blink.
Unknown command.
You feel stable enough to blink again.
You carefully extract the barbed spikes from your body.
Okay, then.
Unknown command.
Sorry, you're not good enough to have a special ability.
Unknown command.
The manticore flicks its tail.
The volley of spikes hits you!
The barbed spikes become lodged in your body.
* * * LOW HITPOINT WARNING * * *
Unknown command.
Casting: Blink (safe; 1% risk of failure)
Confirm with . or Enter, or press ? or * to list all spells.
Aiming: Teleport Other (dangerous; 3% risk of failure)
Press: ? - help, Shift-Dir - straight line, f - five-headed hydra
Aim: a five-headed hydra (chance to affect: 39%)
The five-headed hydra looks slightly unstable.
The manticore flicks its tail.
The volley of spikes hits you!
The barbed spikes become lodged in your body.
* * * LOW HITPOINT WARNING * * *
Casting: Teleport Other (dangerous; 3% risk of failure)
Confirm with . or Enter, or press ? or * to list all spells.
Aiming: Teleport Other (dangerous; 3% risk of failure)
Press: ? - help, Shift-Dir - straight line, f - manticore, p - five-headed hydra
Aim: a manticore (chance to affect: 57%)
The manticore looks slightly unstable.
The manticore flicks its tail.
The volley of spikes hits you!
The barbed spikes become lodged in your body.
You die...

###...## ############ ##...##
##..........## ##.....#
##.†..........#### ##..#.#†#
#................######..#..#..
#................DD.........#..
#.............D##..............
#..............##..............
#.............@##.............#
##.................H.........##
##...........)...............D
##########.##.#..............
#....##.#...........###
#...................###
#########............##
###.............#
####...........#.#.#


You could see a five-headed hydra (teleporting) and a manticore (teleporting).

Vanquished Creatures
  Joseph (D:7)
  Psyche (D:9)
  A troll (D:10)
  Sigmund (D:6)
  2 yaks (D:10)
  A wraith (D:9)
  2 vampire mosquitoes
  2 steam dragons
  2 water moccasins (D:7)
  2 orc warriors (D:7)
  2 sky beasts (D:6)
  A black bear (D:4)
  An ice beast (D:6)
  A centaur (D:6)
  3 ogres
  2 kobold brigands (D:7)
  A gnoll sergeant (D:7)
  4 bullfrogs
  2 scorpions
  5 wights
  Dowan (D:7)
  4 killer bees (D:7)
  3 howler monkeys
  3 hounds
  A jelly (D:5)
  A gnoll bouda (D:9)
  9 orc priests
  Jessica (D:3)
  5 orc wizards
  2 sleepcaps (D:5)
  Robin (D:3)
  11 gnolls
  5 adders
  A shadow imp (D:7)
  A white imp (D:6)
  An ufetubus (D:4)
  A worm (D:2)
  3 dart slugs
  26 orcs
  6 ball pythons
  13 bats
  4 endoplasms
  3 giant cockroaches
  13 goblins
  13 hobgoblins
  9 jackals
  2 quokkas
  5 frilled lizards
  14 kobolds
  9 rats
208 creatures vanquished.

Vanquished Creatures (collateral kills)
  3 wights (D:6)
  2 orc wizards
  2 gnolls (D:6)
  5 orcs
  An endoplasm (D:4)
  2 hobgoblins
  A goblin (D:3)
16 creatures vanquished.

Vanquished Creatures (others)
  An orc warrior (D:6)
  A wight (D:6)
  An orc (D:3)
3 creatures vanquished.

Grand Total: 227 creatures vanquished

Notes
Turn   | Place    | Note
-------+----------+-------------------------------------------
     0 | D:1      | Amplified the Demonspawn Warper began the quest for the
                  | Orb.
     0 | D:1      | Reached XP level 1. HP: 16/16 MP: 3/3
   129 | D:1      | Reached skill level 1 in Armour
   214 | D:1      | Gained mutation: You have a pair of small horns on your
                  | head. [demonic ancestry]
   214 | D:1      | Reached XP level 2. HP: 22/22 MP: 5/5
   637 | D:1      | Reached skill level 1 in Axes
  1043 | D:2      | Reached XP level 3. HP: 23/27 MP: 6/6
  1388 | D:2      | Learned a level 2 spell: Blink
  1406 | D:3      | Noticed an ogre
  1643 | D:3      | Gained mutation: You have a pair of horns on your head.
                  | [demonic ancestry]
  1643 | D:3      | Reached XP level 4. HP: 32/34 MP: 7/7
  1646 | D:3      | Noticed Jessica
  1660 | D:3      | Killed Jessica
  1661 | D:3      | Reached skill level 2 in Axes
  1737 | D:3      | Noticed Robin
  1750 | D:3      | Killed Robin
  1751 | D:3      | Gained mutation: You are partially covered in sharp spines.
                  | [demonic ancestry]
  1751 | D:3      | Reached XP level 5. HP: 39/39 MP: 8/8
  2616 | D:3      | Killed an ogre
  2617 | D:3      | Gained mutation: You have an unusually large brain. (Int
                  | +2) [demonic ancestry]
  2617 | D:3      | Reached XP level 6. HP: 46/46 MP: 10/10
  2682 | D:4      | Found a hide-covered altar of Uskayaw.
  2907 | D:4      | Reached skill level 3 in Axes
  3168 | D:4      | Gained mutation: You have an extremely huge brain. (Int +4)
                  | [demonic ancestry]
  3168 | D:4      | Reached XP level 7. HP: 52/52 MP: 11/11
  3214 | D:5      | Entered Level 5 of the Dungeon
  3888 | D:5      | Found an ancient bone altar of Kikubaaqudgha.
  4083 | D:6      | Found a broken altar of Ashenzari.
  4083 | D:6      | Found a snail-covered altar of Cheibriados.
  4218 | D:6      | Reached skill level 4 in Axes
  4232 | D:6      | Learned a level 4 spell: Manifold Assault
  4412 | D:7      | Noticed Joseph
  4425 | D:7      | Gained mutation: Armour fits poorly on your strangely
                  | shaped body. [potion of mutation]
  4425 | D:7      | Gained mutation: Your muscles are strong. (Str +4, Int/Dex
                  | -1) [potion of mutation]
  4425 | D:7      | Gained mutation: Your flesh is cold resistant. (rC+)
                  | [potion of mutation]
  4425 | D:7      | Gained mutation: You have hidden genetic potential. [potion
                  | of mutation]
  4442 | D:7      | Killed Joseph
  4443 | D:7      | Reached XP level 8. HP: 40/60 MP: 13/13
  4861 | D:7      | Found a staircase to the Ecumenical Temple.
  4878 | D:6      | HP: 1/58 [wight/+2 dire flail (3)]
  5252 | D:6      | Gained mutation: You expend magic power (3 MP) to
                  | strengthen your wands. [hidden potential]
  5407 | D:6      | Reached skill level 5 in Axes
  5627 | D:6      | Noticed Sigmund
  5641 | D:6      | Killed Sigmund
  5753 | D:6      | Gained mutation: You may rarely emit foul miasma when
                  | damaged in melee. [demonic ancestry]
  5753 | D:6      | Reached XP level 9. HP: 35/66 MP: 15/15
  6019 | D:6      | Reached skill level 5 in Translocations
  6684 | D:7      | Reached skill level 5 in Fighting
  6684 | D:7      | Reached skill level 6 in Axes
  6694 | D:7      | Gained mutation: Your system is resistant to poisons.
                  | (rPois) [hidden potential]
  6694 | D:7      | Lost mutation: You have hidden genetic potential. [hidden
                  | potential expressed]
  6885 | Temple   | Entered the Ecumenical Temple
  7125 | D:7      | Found a sparkling altar of Nemelex Xobeh.
  7469 | D:7      | Reached skill level 5 in Spellcasting
  7478 | D:7      | Learned a level 3 spell: Teleport Other
  7556 | D:7      | Noticed Duvessa
  7556 | D:7      | Noticed Dowan
  7561 | D:7      | Killed Dowan
  7924 | D:8      | Found a shimmering altar of Xom.
  8016 | D:9      | Found Zeroluh's Antique Weapon Shop.
  8024 | D:9      | Bought a glowing broad axe for 147 gold pieces
  8024 | D:9      | Bought a jewelled flail for 178 gold pieces
  8024 | D:9      | Identified the +4 flail of Fathaf {speed, Int+2} (You
                  | bought it in a shop on level 9 of the Dungeon)
  9210 | D:7      | Reached skill level 7 in Axes
  9572 | D:7      | Reached XP level 10. HP: 28/76 MP: 12/18
 10212 | D:9      | Noticed a two-headed ogre
 10222 | D:10     | Entered Level 10 of the Dungeon
 10279 | D:10     | Found an opulent altar of Gozag.
 10545 | D:10     | Found a stormy altar of Qazlal.
 10688 | D:9      | Noticed a two-headed ogre
 11164 | D:9      | Noticed Psyche
 11171 | D:9      | Killed Psyche
 11177 | D:9      | Noticed a four-headed hydra
 11177 | D:9      | Noticed a centaur warrior
 11178 | D:9      | Noticed a deep elf pyromancer
 11178 | D:9      | Noticed a manticore
 11178 | D:9      | Noticed a five-headed hydra
 11180 | D:9      | Noticed a boulder beetle
 11572 | D:9      | Found a staircase to the Lair.
 11691 | D:9      | Reached skill level 8 in Axes
 11760 | D:9      | HP: 1/77 [manticore/volley of spikes (8)]
 11761 | D:9      | Killed from afar by a manticore

Illustrated notes

Levels and vault maps discovered:
D:1:      kennysheep_arrival_forest, layout_loops_corners
D:2:      minmay_alternating_diamond, layout_loops_cross
D:3:      layout_loops_ring, uniq_robin, uniq_jessica
D:4:      layout_loops_ring, old_standard_altar
D:5:      layout_gridville, lemuel_crystal_altar, grunt_decor_one_mirror,
          solitary_fountain
D:6:      layout_gridville, mainiacjoe_overflow_divided_tiny,
          nicolae_figureground_sparkle, uniq_sigmund
D:7:      layout_loops_corners, old_standard_altar,
          minmay_temple_entry_stoned_glass, uniq_duvessa, uniq_joseph
D:8:      layout_basic, xom_butterflies, david_defended_altar_orc
D:9:      layout_rooms, lair_entry_dummy, serial_shops, nicolae_stop_n_shop_1,
          minivault_28, uniq_psyche
D:10:     layout_long_grid, mainiacjoe_overflow_catch_the_wave,
          minmay_liquid_box
Temple:   dpeg_chambers_temple

Skill      XL: |  1  2  3  4  5  6  7  8  9 10 |
---------------+-------------------------------+-----
Armour         | 1 2 3 4 |  4.4
Axes           | 1 2 3 4 5 7 8 |  8.0
Dodging        | 2 3 4 |  4.9
Translocations | 3 4 5 6 |  6.3
Fighting       | 3 4 5 6 |  6.4
Spellcasting   | 3 4 5 6 |  6.0
Maces & Flails | |  1.8
Throwing       | |  0.9

Action                     |  1- 3 |  4- 6 |  7- 9 | 10-12 || total
---------------------------+-------+-------+-------+-------++-------
  Melee: Hand axe          |   140 |    98 |   141 |       ||   379
         Headbutt          |    15 |     6 |    49 |     7 ||    77
         Punch             |     1 |       |     2 |     1 ||     4
         War axe           |       |       |    61 |       ||    61
         Broad axe         |       |       |    87 |    64 ||   151
  Throw: Boomerang         |     2 |     1 |     1 |     3 ||     7
   Cast: Manifold Assault  |       |       |    19 |     3 ||    22
         Teleport Other    |       |       |     2 |    10 ||    12
         Blink             |       |       |       |     5 ||     5
  Evoke: Wand              |     3 |    11 |    34 |     1 ||    49
    Use: Scroll            |     4 |     5 |    13 |     2 ||    24
         Potion            |       |     1 |    18 |     1 ||    20
   Stab: Sleeping          |     1 |       |       |       ||     1
 Armour: Leather armour    |    31 |       |       |       ||    31
         Ring mail         |    34 |    27 |    76 |    16 ||   153
         Skin              |       |    30 |       |       ||    30
  Dodge: Dodged            |    93 |    54 |   142 |    57 ||   346
  Block: Other             |       |       |    18 |    24 ||    42
